 Dungeon Crawl Stone Soup version 0.21-a0-186-g02e8684 (webtiles) character file.

334 tehllama the Insei (level 6, -22/38 HPs)
             Began as an Octopode Transmuter on Aug 14, 2017.
             Was an Initiate of Cheibriados.
             Annihilated by a two-headed ogre
             ... wielding a +0 giant club
              (23 damage)
             ... on level 8 of the Dungeon.
             The game lasted 00:08:28 (4479 turns).

tehllama the Insei (Octopode Transmuter)            Turns: 4479, Time: 00:08:30

Health: -22/38     AC:  2    Str: 13    XL:     6   Next: 53%
Magic:  7/9        EV: 21    Int: 16    God:    Cheibriados [......]
Gold:   232        SH:  0    Dex: 18    Spells: 3/9 levels left

rFire    + . .     SeeInvis .     - Unarmed
rCold    . . .     Gourm    .   (shield currently unavailable)
rNeg     . . .     Faith    .   (helmet currently unavailable)
rPois    x         Spirit   .   (no amulet)
rElec    .         Reflect  .   d - ring of wizardry
rCorr    .         Harm     .   m - ring of protection from fire
MR       .....                  (no ring)
Stlth    +++.......             (no ring)
HPRegen  0.12/turn              (no ring)
MPRegen  0.11/turn              (no ring)
                                (no ring)
                                (no ring)

@: spider-form (expiring), very slow
A: almost no armour, stealthy swim, (amphibious), 8 rings, (constrict 8)
a: End Transformation, Bend Time, Renounce Religion


You were on level 8 of the Dungeon.
You worshipped Cheibriados.
Cheibriados was noncommittal.
You were not hungry.
You were a venomous arachnid creature.
You visited 2 branches of the dungeon, and saw 7 of its levels.

You collected 232 gold pieces.

Inventory:

Missiles
 a - 91 arrows
 o - 11 poisoned needles
Jewellery
 d - a ring of wizardry (left front leg)
 m - a ring of protection from fire (right front leg)
Wands
 h - a wand of flame (24/48)
Scrolls
 e - 3 scrolls of identify
 f - a scroll of enchant armour {unknown}
 i - 5 scrolls of amnesia
 l - a scroll of recharging
Potions
 j - a potion of mutation {unknown}
 k - a potion of ambrosia
 p - a potion of curing
 q - 4 potions of haste {unknown}
 r - a potion of brilliance
 s - 2 potions of heal wounds {unknown}
 t - a potion of agility {unknown}
 u - a potion of berserk rage {unknown}
Books
 b - a book of Changes

   Spells                             Type                      Level
   a - Beastly Appendage              Transmutation                1
   b - Sticks to Snakes               Transmutation                2
   c - Spider Form                    Transmutation/Poison         3
   d - Ice Form                       Ice/Transmutation            4
   e - Blade Hands                    Transmutation                5
Comestibles
 c - 5 bread rations
 g - 4 fruits
 n - 2 royal jellies


   Skills:
 - Level 1.0 Fighting
 + Level 1.0 Throwing
 + Level 2.8 Dodging
 + Level 4.3 Stealth
 + Level 5.2 Unarmed Combat
 + Level 2.1 Spellcasting
 + Level 2.2 Transmutations
 + Level 1.7 Poison Magic
 + Level 0.7 Evocations


You had 3 spell levels left.
You knew the following spells:

 Your Spells              Type           Power        Failure   Level  Hunger
a - Beastly Appendage     Tmut           #.....       9%          1    #......
b - Sticks to Snakes      Tmut           #.......     12%         2    ###....
c - Spider Form           Tmut/Pois      #.........   21%         3    ###....


Dungeon Overview and Level Annotations

Branches:
Dungeon (5/15)             Temple (1/1) D:4            Lair (0/6) D:8

Altars:
Ashenzari
Cheibriados
Dithmenos
Elyvilon
Fedhas
Gozag
Kikubaaqudgha
Makhleb
Okawaru
Qazlal
Ru
Sif Muna
Trog
Uskayaw
Vehumet
Wu Jian
Zin
The Shining One

Annotations:
D:4 Dowan, Duvessa


Innate Abilities, Weirdness & Mutations

You cannot wear most types of armour.
You are very stealthy in the water. (Stealth+)
((You are amphibious.))
You can wear up to eight rings at the same time.
((You can use your tentacles to constrict eight enemies at once.))
((Your skin changes colour to match your surroundings (Stealth+).))
((Your rubbery body absorbs attacks. (AC +1, EV +1)))


Message History

The two-headed ogre is severely wounded.
The two-headed ogre misses you. x2
You hit the two-headed ogre but do no damage.
The two-headed ogre is severely wounded.
The two-headed ogre barely misses you. The two-headed ogre misses you.
You hit the two-headed ogre.
The two-headed ogre looks as sick as possible!
The two-headed ogre is severely wounded.
You hit the two-headed ogre.
The two-headed ogre looks as sick as possible!
The two-headed ogre is almost dead.
The two-headed ogre misses you. The two-headed ogre closely misses you.
You hit the two-headed ogre but do no damage.
The two-headed ogre looks as sick as possible!
The two-headed ogre is almost dead.
The two-headed ogre hits you with a giant club!
* * * LOW HITPOINT WARNING * * *
The two-headed ogre hits you with a giant club!!
Ouch! That really hurt!
You die...

#####.# ##...#
......### #...#
........######...#
.###...........>.#
..≈...#.########.#
#...#..## #.#
#...##.# #.#


P.PP ..# #O# ..>.P.≈# #s# PPPP...# #.# PP##. #.# ... ... ..... ..... ....... You
could see a two-headed ogre.

Vanquished Creatures
  A bullfrog zombie (D:5)
  A bullfrog skeleton (D:4)
  4 worker ants
  Robin (D:3)
  5 adders
  An ooze (D:2)
  A worm (D:3)
  4 dart slugs (D:1)
  6 orcs
  12 bats
  2 giant cockroaches (D:1)
  15 goblins
  16 hobgoblins
  4 jackals (D:5)
  9 kobolds
  2 quokkas
  5 frilled lizards (D:1)
  8 rats
97 creatures vanquished.

Vanquished Creatures (collateral kills)
  An adder (D:4)
1 creature vanquished.

Grand Total: 98 creatures vanquished

Notes
Turn   | Place    | Note
-------+----------+-------------------------------------------
     0 | D:1      | tehllama the Octopode Transmuter began the quest for the Orb.
     0 | D:1      | Reached XP level 1. HP: 13/13 MP: 3/3
   138 | D:1      | Reached XP level 2. HP: 17/18 MP: 3/5
   360 | D:1      | Reached skill level 4 in Unarmed Combat
   451 | D:1      | Reached XP level 3. HP: 23/23 MP: 4/6
   595 | D:1      | Reached skill level 1 in Stealth
  1092 | D:2      | Reached XP level 4. HP: 28/28 MP: 5/7
  1969 | D:2      | Learned a level 2 spell: Sticks to Snakes
  1973 | D:2      | Learned a level 3 spell: Spider Form
  2037 | D:3      | Noticed Robin
  2053 | D:3      | Killed Robin
  2062 | D:3      | Reached XP level 5. HP: 9/33 MP: 8/8
  2487 | D:3      | Reached skill level 5 in Unarmed Combat
  2849 | D:4      | Found a staircase to the Ecumenical Temple.
  2859 | Temple   | Entered the Ecumenical Temple
  2973 | Temple   | Became a worshipper of Cheibriados the Contemplative
  3207 | D:4      | Reached skill level 1 in Poison Magic
  3423 | D:4      | Found a deep blue altar of Sif Muna.
  3479 | D:4      | Noticed Duvessa
  3479 | D:4      | Noticed Dowan
  3502 | D:5      | Entered Level 5 of the Dungeon
  3594 | D:5      | Reached XP level 6. HP: 27/38 MP: 5/9
  3896 | D:5      | Found a blossoming altar of Fedhas.
  4239 | D:5      | Reached skill level 1 in Throwing
  4436 | D:5      | You fall through a shaft for 3 floors!
  4441 | D:8      | Found a staircase to the Lair.
  4458 | D:8      | Noticed a two-headed ogre
  4479 | D:8      | HP: 1/38 [two-headed ogre/giant club (10)]
  4479 | D:8      | Annihilated by a two-headed ogre

Vault maps used:
D:1:      dpeg_arrival_subterranean_lakeside_camping
D:3:      uniq_robin
D:4:      tgw_xom, lemuel_crystal_altar, temple_fountains, first_bread,
          hangedman_ru_absence, uniq_duvessa
D:5:      basic_altar
D:8:      dpeg_oklobed_lair, hangedman_pestilent_swarm, uniq_grum
Temple:   nicolae_temple_elliptical

Skill      XL: |  1  2  3  4  5  6 |
---------------+-------------------+-----
Unarmed Combat | 4 5 |  5.2
Stealth        | 2 3 4 |  4.3
Poison Magic   | 1 |  1.7
Throwing       | 1 |  1.0
Fighting       | |  1.0
Dodging        | |  2.8
Spellcasting   | |  2.1
Transmutations | |  2.2
Evocations     | |  0.7

Action                   |  1- 3 |  4- 6 || total
-------------------------+-------+-------++-------
Melee: Unarmed           |    83 |   136 ||   219
       Constrict         |    25 |    27 ||    52
       Kick              |    18 |    23 ||    41
       Tentacles         |     7 |    17 ||    24
       Punch             |     2 |     1 ||     3
 Cast: Beastly Appendage |    22 |    25 ||    47
       Sticks to Snakes  |       |     7 ||     7
       Spider Form       |       |     6 ||     6
  Use: Scroll            |       |     4 ||     4
       Potion            |       |     2 ||     2
 Stab: Sleeping          |     8 |     8 ||    16
  Eat: Chunk             |     1 |    13 ||    14
Armor: Skin              |    14 |     5 ||    19
Dodge: Dodged            |    55 |    85 ||   140
